 Dungeon Crawl Stone Soup version 0.30.1-11-g7821555f0a (webtiles) character file.

Game seed: 6326475836554987625

76 Janerl the Trooper (level 4, 0/41 HPs)
             Began as a Minotaur Berserker on Jan 12, 2024.
             Was a Believer of Trog.
             Slain by a gnoll
             ... wielding a +0 whip
              (7 damage)
             ... on level 2 of the Dungeon.
             The game lasted 00:03:57 (1086 turns).

Janerl the Trooper (Minotaur Berserker)             Turns: 1086, Time: 00:03:57

Health: 0/41       AC:  2    Str: 21    XL:     4   Next: 12%
Magic:  3/3        EV: 12    Int:  6    God:    Trog [**....]
Gold:   66         SH:  0    Dex: 10    Spells: 3/3 levels left

rFire   . . .        a - +0 spear
rCold   . . .        (no shield)
rNeg    . . .        b - +0 animal skin
rPois   .            (helmet restricted)
rElec   .            k - scarf {repulsion}
rCorr   .            (no gloves)
SInv    .            (no boots)
Will    .....        (no amulet)
Stlth   +            (no ring)
HPRegen 0.26/turn    (no ring)
MPRegen 0.08/turn

%: repel missiles
@: no status effects
A: horns 2, retaliatory headbutt
a: Renounce Religion, Berserk, Trog's Hand


You were on level 2 of the Dungeon.
You worshipped Trog.
Trog was pleased with you.
You visited 1 branch of the dungeon, and saw 2 of its levels.

You collected 66 gold pieces.

Inventory:

Hand Weapons
 a - a +0 spear (weapon)
 i - a +0 short sword of flaming
 n - a +0 great sword
Missiles
 l - a throwing net (quivered)
Armour
 b - a +0 animal skin (worn)
 k - a scarf of repulsion (worn)
Scrolls
 c - a scroll of fear {unknown}
 d - 4 scrolls of identify {unknown}
 e - 2 scrolls of acquirement {unknown}
 f - a scroll of blinking {unknown}
 g - a scroll of brand weapon {unknown}
 j - a scroll of enchant armour {unknown}
 o - a scroll of butterflies {unknown}
 p - a scroll of fog {unknown}
Potions
 h - 2 potions of haste {unknown}
 m - 2 potions of curing {unknown}


   Skills:
 + Level 4.8 Fighting
 + Level 4.7 Polearms
 + Level 2.7 Armour
 + Level 2.6 Dodging


You had 3 spell levels left.
You didn't know any spells.
Your spell library was empty.

Dungeon Overview and Level Annotations

Branches:
Dungeon (2/15)

Altars:


Innate Abilities, Weirdness & Mutations

You have a pair of horns on your head.
You reflexively headbutt those who attack you in melee.


Message History

You see here 6 stones.
A gnoll comes into view. It is wielding a +0 whip.
The gnoll shouts!
You hear a shout!
A gnoll comes into view. It is wielding a +0 whip.
The gnoll shouts!
Found a stone staircase leading up.
You hear a shout!
The gnoll throws a throwing net.
The throwing net hits you.
You become entangled in the net!
You see here a throwing net.
You struggle against the net.
You tear a large gash into the net.
A gnoll comes into view. It is wielding a +0 flail.
You rip the net and break free!
The gnoll hits you with a +0 whip.
You hit the gnoll.
You headbutt the gnoll, but do no damage.
The gnoll is heavily wounded.
The gnoll closely misses you. You furiously retaliate!
You headbutt the gnoll!
You kill the gnoll!
Trog accepts your kill.
A gnoll comes into view. It is wielding a +0 whip.
You hit the gnoll but do no damage. Your headbutt misses the gnoll.
The gnoll hits you with a +0 flail!
You barely miss the gnoll. The gnoll hits you with a +0 flail!
You hit the gnoll. You headbutt the gnoll.
The gnoll is severely wounded.
The gnoll hits you with a +0 flail!
* * * LOW HITPOINT WARNING * * *
You hit the gnoll.
You kill the gnoll!
Trog accepts your kill.
You have reached level 4!
You feel agile.
You hit the gnoll. Your headbutt misses the gnoll.
The gnoll is lightly wounded.
You hit the gnoll.
The gnoll is heavily wounded.
The gnoll hits you with a +0 whip!
You die...

...........##..# #.
#.# ##..÷#.###.##..#
#. #.#
.......###.##..# #.#
.......##...#..# #.#
...............# #.#
.......##...##.# #.# #
#....÷.###.###.## #.#
# ##.....#
#.##...###.#.# #.# #
##........###..@gg...#
#.#####
###...........###.###
#...... .########.##
####### .# #.# # .#
#.# # .# #.# # #.# #
.< # #


You could see 2 gnolls.

Vanquished Creatures
  2 gnolls (D:2)
  2 adders (D:2)
  A dart slug (D:1)
  4 endoplasms (D:1)
  2 giant cockroaches
  4 goblins (D:1)
  5 hobgoblins (D:2)
  4 kobolds (D:1)
  2 quokkas (D:1)
  4 ball pythons
  A frilled lizard (D:2)
  3 rats (D:1)
34 creatures vanquished.

Notes
Turn   | Place    | Note
-------+----------+-------------------------------------------
     0 | D:1      | Janerl the Minotaur Berserker began the quest for the Orb.
     0 | D:1      | Reached XP level 1. HP: 19/19 MP: 0/0
   126 | D:1      | Reached XP level 2. HP: 26/27 MP: 1/1
   809 | D:2      | Reached XP level 3. HP: 28/33 MP: 2/2
   816 | D:2      | Reached ** piety under Trog
  1085 | D:2      | Reached XP level 4. HP: 7/41 MP: 3/3
  1086 | D:2      | Slain by a gnoll

Illustrated notes

Levels and vault maps discovered:
D:1:      dpeg_arrival_pond, layout_loops_cross, nicolae_figureground_pulse
D:2:      layout_loops_ring, minmay_hexomino_u4, uniq_sigmund

Skill      XL: |  1  2 |
---------------+-------+-----
Fighting       | 4 |  4.8
Polearms       | 4 |  4.7
Armour         | |  2.7
Dodging        | |  2.6

Action                     |  1- 3 |  4- 6 || total
---------------------------+-------+-------++-------
  Melee: Spear             |    84 |     2 ||    86
         Headbutt          |     9 |       ||     9
         Punch             |     1 |       ||     1
 Armour: Animal skin       |    12 |       ||    12
  Dodge: Dodged            |    41 |       ||    41
